[Event "Titled Tuesday Blitz May 23 Late 2023"]
[White "Seletsky, Grigory"]
[Black "MKlose11"]
[WhiteFideId "14112191"]
[WhiteElo "2491"]
[BlackElo "2672"]
[Result "1-0"]
[Round "04"]
[TimeControl "180+2"]
[Date "2023.05.23"]
[WhiteClock "0:00:37"]
[BlackClock "0:00:03"]

1. e4 e6 2. Qe2 Be7 3. f4 d5 4. d3 b6 5. Nf3 Nf6 6. e5 Nfd7 7. g3 c5 8. c4 Bb7 9. Bg2 dxc4 10. dxc4 O-O 11. O-O Qc7 12. Nc3 a6 13. Be3 Rd8 14. Rfd1 Nc6 15. Nd5 exd5 16. cxd5 Bf8 17. dxc6 Bxc6 18. Ng5 h6 19. Ne4 Qb7 20. Nd6 Bxd6 21. Rxd6 Bxg2 22. Qxg2 Qc7 23. Rad1 Nf8 24. Qd5 Rxd6 25. Qxd6 Qxd6 26. Rxd6 Rb8 27. f5 h5 28. h3 c4 29. Rxb6 Re8 30. Bd4 g6 31. g4 hxg4 32. hxg4 gxf5 33. gxf5 Rd8 34. Bc3 Rd1+ 35. Kf2 Nd7 36. Rxa6 Nc5 37. Rc6 Ne4+ 38. Ke3 Nxc3 39. bxc3 Rd3+ 40. Ke4 Rxc3 41. Kd4 Ra3 42. Rxc4 Rxa2 43. f6 Kh7 44. Rc8 Kg6 45. Rg8+ Kf5 46. Re8 Rd2+ 47. Kc5 Rd1 48. Re7 Kg6 49. Kc6 Rd2 50. Kc7 Rd1 51. Kc8 Rd2 52. Rd7 Re2 53. Rd5 Kf5 54. Kd7 Kg6 55. Ke7 Ra2 56. e6 fxe6 57. Rd7 Rf2 58. Rd1 e5 59. Rg1+ Kh5 60. f7 e4 61. f8=Q Rxf8 62. Kxf8 e3 63. Re1 1-0


[Site "https://www.chess.com"]

[Event "Titled Tuesday Blitz May 23 Late 2023"]
[White "Iliaguev, Nisim"]
[Black "ArrestingPieces"]
[WhiteFideId "2817276"]
[WhiteElo "2241"]
[BlackElo "2477"]
[Result "1-0"]
[Round "04"]
[TimeControl "180+2"]
[Date "2023.05.23"]
[WhiteClock "0:01:48"]
[BlackClock "0:00:26"]

1. d4 d5 2. Nf3 Nf6 3. g3 c6 4. Bg2 Bg4 5. O-O Nbd7 6. c4 e6 7. Nc3 Be7 8. Nd2 Bf5 9. e4 dxe4 10. Ndxe4 Nxe4 11. Nxe4 Nf6 12. Nc3 O-O 13. Be3 Qd7 14. Qe2 Rfd8 15. Rfd1 Bg4 16. f3 Bf5 17. g4 Bg6 18. f4 Bb4 19. Rac1 Qe7 20. a3 Bxc3 21. Rxc3 Be4 22. g5 Bxg2 23. gxf6 Qxf6 24. Qxg2 Rd7 25. Qg5 Qxg5+ 26. fxg5 Rad8 27. Rcd3 Kf8 28. d5 cxd5 29. cxd5 b6 30. Kf2 exd5 31. Bd4 Rd6 32. Kg3 Rg6 33. h4 h6 34. Kf4 hxg5+ 35. hxg5 Re8 36. Rh1 Re4+ 37. Kf5 Re2 38. Rh8+ Ke7 39. Ra8 Rge6 40. Rxa7+ Kf8 41. Ra8+ Ke7 42. Bxg7 Rf2+ 43. Kg4 Rg2+ 44. Rg3 Rd2 45. Ra7+ Kd6 46. Bf8+ Kc6 47. Rc3+ Kb5 48. a4# 1-0


[Site "https://www.chess.com"]

[Event "Titled Tuesday Blitz May 23 Late 2023"]
[White "Goroshkov, Maksym"]
[Black "Toniutti, Ezio"]
[WhiteFideId "14142716"]
[BlackFideId "113034"]
[WhiteElo "2322"]
[BlackElo "2215"]
[Result "1/2-1/2"]
[Round "04"]
[TimeControl "180+2"]
[Date "2023.05.23"]
[WhiteClock "0:00:23"]
[BlackClock "0:00:44"]

1. e4 e5 2. d4 exd4 3. c3 d5 4. exd5 Qxd5 5. cxd4 Nc6 6. Nf3 Bg4 7. Be2 Bb4+ 8. Nc3 Bxf3 9. Bxf3 Qc4 10. Be3 Nge7 11. Rc1 Rd8 12. Be2 Qe6 13. O-O O-O 14. Bf3 Nf5 15. Re1 Bxc3 16. bxc3 Nxe3 17. Rxe3 Qxa2 18. Bxc6 bxc6 19. Ra1 Qb2 20. Rxa7 c5 21. Rxc7 cxd4 22. Rd3 Qb6 23. Rc4 dxc3 24. Rcxc3 Rxd3 25. Rxd3 h6 26. h3 Re8 27. Rf3 Qa5 28. Qd7 Re1+ 29. Kh2 Qe5+ 30. g3 Qe6 31. Qxe6 Rxe6 32. h4 g6 33. Rb3 Kg7 34. Kh3 h5 35. f3 Re5 36. g4 Ra5 37. Kg3 Rc5 38. Ra3 Rd5 39. Kf4 Rc5 40. Ra4 Rb5 41. Re4 Kf6 42. Rd4 Ra5 43. Rd6+ Kg7 44. Rb6 Ra4+ 45. Kg3 Ra5 46. Rb4 Rc5 47. Re4 Ra5 48. Kf4 Rc5 49. Re5 Rc4+ 50. Kg3 hxg4 51. fxg4 Rc3+ 52. Kf4 Rc4+ 53. Re4 Rxe4+ 54. Kxe4 f5+ 55. gxf5 gxf5+ 56. Kxf5 Kh8 57. Kg6 Kg8 58. h5 Kh8 59. h6 Kg8 60. h7+ Kh8 61. Kf5 Kxh7 1/2-1/2


[Site "https://www.chess.com"]

[Event "Titled Tuesday Blitz May 23 Late 2023"]
[White "Shapiro, Viktor"]
[Black "Fishbein, Alexander"]
[WhiteFideId "4175700"]
[BlackFideId "2000377"]
[WhiteElo "2152"]
[BlackElo "2415"]
[Result "1-0"]
[Round "04"]
[TimeControl "180+2"]
[Date "2023.05.23"]
[WhiteClock "0:01:29"]
[BlackClock "0:00:57"]

1. c4 Nf6 2. Nc3 g6 3. Nf3 Bg7 4. d4 d6 5. Bg5 O-O 6. e3 Bf5 7. Bd3 Bxd3 8. Qxd3 Nc6 9. O-O a6 10. a3 a5 11. Rab1 e5 12. Rfd1 exd4 13. exd4 Qd7 14. b4 axb4 15. axb4 h6 16. Bxf6 Bxf6 17. Nd5 Bg7 18. b5 Ne7 19. Nxe7+ Qxe7 20. Re1 Qd7 21. Qe4 d5 22. Qxd5 Qxd5 23. cxd5 Rad8 24. Re7 Rxd5 25. Rxc7 Bxd4 26. Rxb7 Bc5 27. g3 Rfd8 28. Kg2 g5 29. h3 h5 30. g4 hxg4 31. hxg4 f5 32. Nxg5 Rd2 33. Rf1 fxg4 34. Ne6 R8d5 35. Rg7+ 1-0


[Site "https://www.chess.com"]

[Event "Titled Tuesday Blitz May 23 Late 2023"]
[White "Adla, Diego"]
[Black "Vovk, Orest"]
[WhiteFideId "100072"]
[BlackFideId "14113490"]
[WhiteElo "2377"]
[BlackElo "2215"]
[Result "1-0"]
[Round "04"]
[TimeControl "180+2"]
[Date "2023.05.23"]
[WhiteClock "0:01:37"]
[BlackClock "0:01:17"]

1. c4 g5 2. h4 g4 3. d4 Bg7 4. Nc3 g3 5. Nh3 gxf2+ 6. Nxf2 c5 7. d5 Bxc3+ 8. bxc3 Qa5 9. Qd3 d6 10. g4 Nf6 11. g5 Ng4 12. Ne4 Ne5 13. Qg3 Nxc4 14. h5 Bf5 15. Bg2 Nd7 16. O-O Bxe4 17. Bxe4 Nde5 18. Bf4 O-O-O 19. Bd3 Qxc3 20. Bf5+ e6 21. Qxc3 exf5 22. Bxe5 Nxe5 23. Rxf5 Rde8 24. Raf1 Rhg8 25. R1f4 f6 26. Ra4 a6 27. Qa5 fxg5 28. Qb6 Nd7 29. Qxd6 Rxe2 30. Rf7 Rd8 31. Rxa6 bxa6 32. Qxa6+ Kb8 33. Qb5+ Kc7 34. Qxe2 1-0


[Site "https://www.chess.com"]

[Event "Titled Tuesday Blitz May 23 Late 2023"]
[White "Bagrationi, Alexander"]
[Black "reevecanada"]
[WhiteFideId "14104954"]
[WhiteElo "2398"]
[BlackElo "2428"]
[Result "0-1"]
[Round "04"]
[TimeControl "180+2"]
[Date "2023.05.23"]
[WhiteClock "0:00:03"]
[BlackClock "0:00:50"]

1. e4 c5 2. Be2 d6 3. f4 Nf6 4. d3 Nc6 5. c3 e6 6. Nf3 g6 7. O-O Bg7 8. Kh1 b6 9. Be3 Qc7 10. Nbd2 Bb7 11. d4 Ne7 12. e5 Nfd5 13. Bg1 Nxf4 14. Bb5+ Bc6 15. exd6 Qxd6 16. dxc5 bxc5 17. Bxc6+ Qxc6 18. Nc4 O-O 19. Qd6 Nfd5 20. Qxc6 Nxc6 21. Bxc5 Rfc8 22. Ba3 Bf8 23. Nd6 Rc7 24. Ng5 Nd8 25. Rad1 Rb8 26. Ne8 Rcb7 27. Bxf8 Kxf8 28. Nd6 Rd7 29. Nc4 Rc7 30. Rd4 Rxc4 31. Rxc4 Ne3 32. Rcf4 Nxf1 33. Rxf1 Rxb2 34. Nxh7+ Ke7 35. a4 Ra2 36. Ng5 Rxa4 37. Nf3 Rc4 38. Rc1 Nc6 39. Kg1 a5 40. Rb1 Rxc3 41. Rb7+ Kf6 42. Rc7 a4 43. h4 a3 44. Ng5 Rc1+ 45. Kh2 a2 46. Rxf7+ Ke5 47. Nf3+ Kd6 48. Rf6 a1=Q 49. Rxg6 Ne5 50. Ng5 Rh1+ 51. Kg3 Qe1+ 52. Kf4 Qxh4+ 53. Ke3 Re1+ 54. Kd2 Qf2+ 55. Kc3 Qc5+ 56. Kd2 Qc1# 0-1


[Site "https://www.chess.com"]

[Event "Titled Tuesday Blitz May 23 Late 2023"]
[White "Lima, Kleyton Alcantara"]
[Black "cryptoguru02"]
[WhiteFideId "22718397"]
[WhiteElo "2009"]
[BlackElo "2568"]
[Result "1-0"]
[Round "04"]
[TimeControl "180+2"]
[Date "2023.05.23"]
[WhiteClock "0:01:13"]
[BlackClock "0:00:12"]

1. d4 d5 2. c4 c6 3. Nf3 Nf6 4. e3 Bg4 5. h3 Bh5 6. g4 Bg6 7. Ne5 e6 8. Bg2 Nbd7 9. f4 Nxe5 10. fxe5 Ne4 11. O-O h5 12. Nc3 hxg4 13. Qxg4 Rh4 14. Qf3 Nxc3 15. bxc3 Qd7 16. Qf2 Rh7 17. cxd5 exd5 18. c4 dxc4 19. e4 Bb4 20. Bg5 Be7 21. Bf4 O-O-O 22. d5 b6 23. a4 Rxh3 24. e6 Qc7 25. Bxc7 Rd3 26. Bxd8 Kxd8 27. exf7 Bc5 28. f8=Q+ 1-0


[Site "https://www.chess.com"]

[Event "Titled Tuesday Blitz May 23 Late 2023"]
[White "Schuster, Karsten"]
[Black "Wadsworth, Matthew J"]
[WhiteFideId "4611071"]
[BlackFideId "415804"]
[WhiteElo "2254"]
[BlackElo "2347"]
[Result "0-1"]
[Round "04"]
[TimeControl "180+2"]
[Date "2023.05.23"]
[WhiteClock "0:00:47"]
[BlackClock "0:00:38"]

1. d4 Nf6 2. Nf3 c5 3. c3 cxd4 4. cxd4 d5 5. Nc3 Nc6 6. Bf4 a6 7. e3 Bg4 8. Bd3 e6 9. h3 Bh5 10. O-O Bd6 11. Bxd6 Qxd6 12. Rc1 O-O 13. Na4 Nd7 14. Nc5 Nxc5 15. Rxc5 Rfc8 16. a3 Ne7 17. Qc2 Bxf3 18. gxf3 g6 19. Rc1 Kg7 20. b4 b6 21. Rc7 a5 22. Ba6 Rxc7 23. Qxc7 Qxc7 24. Rxc7 axb4 25. axb4 Rxa6 26. Rxe7 Ra4 27. Rb7 Rxb4 28. f4 Rb1+ 29. Kg2 b5 30. h4 h5 31. Kh2 Kf6 32. Kg2 b4 33. Kh2 Kf5 34. Rxf7+ Ke4 35. Kg2 b3 36. Rb7 Kd3 37. Rb6 Kc3 38. Rc6+ Kb2 39. Rxe6 Rc1 40. Rxg6 Rc8 41. Rb6 Kc2 42. Kf3 b2 43. f5 b1=Q 44. Rxb1 Kxb1 45. Kf4 Kc2 46. Ke5 Rf8 47. f3 Kd3 48. e4 Ke3 49. Kxd5 Kxf3 50. e5 Rxf5 51. Ke6 Ke4 52. Kd6 Kxd4 53. e6 Rf8 54. e7 Ra8 55. Kd7 Ke4 56. e8=Q+ Rxe8 57. Kxe8 Kf4 58. Ke7 Kg4 59. Ke6 Kxh4 60. Kf5 Kg3 0-1


[Site "https://www.chess.com"]

[Event "Titled Tuesday Blitz May 23 Late 2023"]
[White "Filipascu"]
[Black "Rose, Felix"]
[BlackFideId "5105722"]
[WhiteElo "2558"]
[BlackElo "2039"]
[Result "1-0"]
[Round "04"]
[TimeControl "180+2"]
[Date "2023.05.23"]
[WhiteClock "0:01:16"]
[BlackClock "0:00:08"]

1. c4 e6 2. Nc3 d5 3. e3 Nf6 4. Nf3 Be7 5. b3 O-O 6. Bb2 b6 7. cxd5 Nxd5 8. Nxd5 Qxd5 9. Bc4 Qh5 10. Be2 Bb7 11. Ne5 Qg5 12. Bf3 Bxf3 13. Qxf3 c6 14. h4 Qf5 15. Qxf5 exf5 16. Rc1 c5 17. d4 Na6 18. Ke2 Rac8 19. dxc5 Bxc5 20. a3 Rfd8 21. b4 Bf8 22. Nc6 Re8 23. Nxa7 Ra8 24. Nb5 h5 25. g3 Re4 26. Rhd1 Be7 27. Bd4 Rb8 28. Rc6 Re6 29. Rdc1 g5 30. hxg5 Bxg5 31. Rxe6 fxe6 32. Rc6 Kf7 33. Bxb6 e5 34. Nc3 Rb7 35. b5 Nb8 36. Rc7+ Rxc7 37. Bxc7 Nd7 38. b6 Nc5 39. Bxe5 Bd8 40. Bc7 Ke7 41. Nd5+ Kd7 42. Bxd8 Kxd8 43. a4 Kd7 44. a5 Kc6 45. Nc3 Nb3 46. Kf3 Nxa5 47. Kf4 Kxb6 48. Kxf5 Nc4 49. e4 Kc6 50. e5 Kd7 51. e6+ Ke8 52. Kf6 Nd6 53. f3 Nc4 54. Nd5 Nd6 55. e7 Kd7 56. Nb6+ Ke8 57. Ke6 Nc8 58. Nxc8 h4 59. Nd6# 1-0


[Site "https://www.chess.com"]

[Event "Titled Tuesday Blitz May 23 Late 2023"]
[White "Bach, Matthias"]
[Black "Martinez Reyes, Pedro Ramon"]
[WhiteFideId "4603168"]
[BlackFideId "3901807"]
[WhiteElo "2130"]
[BlackElo "2340"]
[Result "1-0"]
[Round "04"]
[TimeControl "180+2"]
[Date "2023.05.23"]
[WhiteClock "0:00:39"]
[BlackClock "0:01:12"]

1. d4 Nf6 2. c4 g6 3. Nc3 Bg7 4. e4 d6 5. f4 c5 6. d5 O-O 7. Nf3 e6 8. Be2 exd5 9. cxd5 Re8 10. e5 Nfd7 11. e6 Nf6 12. f5 gxf5 13. exf7+ Kxf7 14. O-O Kg8 15. Nh4 Na6 16. Bg5 Re5 17. Bd3 Nb4 18. Bxf5 c4 19. Bxc8 Rxg5 20. Be6+ Kh8 21. Nf3 Rh5 22. Nd4 Qb6 23. Kh1 Nd3 24. Nf5 Qxb2 25. Nxg7 Kxg7 26. Rxf6 Kxf6 27. Qf3+ Kg7 28. Rf1 Rg5 29. Qf6# 1-0


[Site "https://www.chess.com"]

[Event "Titled Tuesday Blitz May 23 Late 2023"]
[White "Guerra Tulcan, Lenin"]
[Black "Lalanne, Pablo"]
[WhiteFideId "3601382"]
[BlackFideId "112151"]
[WhiteElo "2368"]
[BlackElo "2120"]
[Result "1-0"]
[Round "04"]
[TimeControl "180+2"]
[Date "2023.05.23"]
[WhiteClock "0:00:16"]
[BlackClock "0:00:09"]

1. e4 c5 2. Nf3 d6 3. b4 cxb4 4. a3 Nf6 5. Bd3 Nc6 6. O-O e6 7. Bb2 Be7 8. Re1 O-O 9. e5 dxe5 10. Nxe5 Nxe5 11. Bxe5 bxa3 12. Nxa3 Bd7 13. Qf3 Bc6 14. Qh3 g6 15. Nc4 b6 16. Ne3 Nd7 17. Bg3 Bf6 18. Ng4 Bg7 19. Bh4 Qc7 20. Bg5 h5 21. Nh6+ Kh8 22. Nxf7+ Rxf7 23. Bxg6 Ne5 24. Qxh5+ Kg8 25. Rxe5 Qxe5 26. Bxf7+ Kf8 27. Rf1 Qd5 28. f3 Qd4+ 29. Be3 Qf6 30. Bg6 Be8 31. Bxe8 Rxe8 32. f4 Qf7 33. Qg4 Kg8 34. f5 e5 35. f6 e4 36. fxg7 Qxg7 37. Qxg7+ Kxg7 38. Ra1 Re7 39. g4 Rc7 40. c3 Kg6 41. Kg2 1-0


[Site "https://www.chess.com"]

[Event "Titled Tuesday Blitz May 23 Late 2023"]
[White "Musovic, Armin"]
[Black "Cardozo Munar, Carlos Eduardo"]
[WhiteFideId "939935"]
[BlackFideId "4409477"]
[WhiteElo "2322"]
[BlackElo "2067"]
[Result "1-0"]
[Round "04"]
[TimeControl "180+2"]
[Date "2023.05.23"]
[WhiteClock "0:00:05"]
[BlackClock "0:00:03"]

1. a3 Nf6 2. Nf3 g6 3. Nc3 Bg7 4. e4 d6 5. d4 O-O 6. Bg5 Nbd7 7. Bc4 e5 8. dxe5 Nxe5 9. Nxe5 dxe5 10. Qxd8 Rxd8 11. Nd5 Rd6 12. Nxc7 Rb8 13. Bxf6 Bxf6 14. Ne8 Rc6 15. Bd5 Rb6 16. Nxf6+ Rxf6 17. f3 Be6 18. O-O-O b6 19. Bxe6 Rxe6 20. Rd7 a5 21. Rhd1 h5 22. Rd8+ Rxd8 23. Rxd8+ Kg7 24. Kd2 h4 25. h3 Rc6 26. Kd3 Kf6 27. c4 Kg5 28. b4 axb4 29. axb4 Kf4 30. b5 Rf6 31. Rd5 Kg3 32. Rxe5 Kxg2 33. c5 bxc5 34. Rxc5 Kxh3 35. e5 Rxf3+ 36. Kc4 Rf1 37. b6 Rc1+ 38. Kb5 Rb1+ 39. Kc6 Kg4 40. Rb5 Rxb5 41. Kxb5 h3 42. b7 h2 43. b8=Q h1=Q 44. Qe8 Qb7+ 45. Kc5 Kf5 46. Qh8 Qe7+ 47. Kd4 Qb4+ 48. Kd5 Qb3+ 49. Kd4 Qb2+ 50. Kd5 Qd2+ 51. Kc5 Qe3+ 52. Kd5 Qd3+ 53. Kc5 Qe3+ 54. Kd5 Qg5 55. Qc8+ Kf4 56. Qc1+ Kg4 57. Qg1+ Kh5 58. Qh2+ Qh4 59. Qe2+ Kh6 60. Qf3 Qd8+ 61. Kc5 Kg7 62. Qf4 Qc8+ 63. Kd5 Qe6+ 64. Kd4 Qb6+ 65. Kd5 Qb3+ 66. Kc5 Qc3+ 67. Kd5 Qd3+ 68. Kc5 Qf5 69. Qg3 f6 70. Kd6 Qd3+ 71. Qxd3 fxe5 72. Kxe5 Kh6 73. Qg3 g5 74. Kf6 g4 75. Qxg4 Kh7 76. Qg7# 1-0


[Site "https://www.chess.com"]

[Event "Titled Tuesday Blitz May 23 Late 2023"]
[White "Pace, Christopher"]
[Black "Mahdavi, Reza"]
[WhiteFideId "2610167"]
[BlackFideId "12595926"]
[WhiteElo "2291"]
[BlackElo "2352"]
[Result "0-1"]
[Round "04"]
[TimeControl "180+2"]
[Date "2023.05.23"]
[WhiteClock "0:00:00"]
[BlackClock "0:02:11"]

1. d4 Nf6 2. c4 e6 3. Nc3 d5 4. Nf3 Bb4 5. cxd5 exd5 6. Bg5 h6 7. Bxf6 Qxf6 8. Rc1 O-O 9. e3 c6 10. Be2 Bf5 11. O-O Nd7 12. Qb3 a5 13. a3 Bd6 14. Na4 b5 15. Nc5 Nb6 16. Kh1 Nc4 17. Nd3 Be4 18. Nc5 Bxf3 19. Bxf3 Nd2 20. Qd3 Nxf1 0-1


[Site "https://www.chess.com"]

[Event "Titled Tuesday Blitz May 23 Late 2023"]
[White "Vaglio Munoz, Jaime"]
[Black "Mihajlov, Sebastian"]
[WhiteFideId "6500145"]
[BlackFideId "1512110"]
[WhiteElo "2199"]
[BlackElo "2478"]
[Result "0-1"]
[Round "04"]
[TimeControl "180+2"]
[Date "2023.05.23"]
[WhiteClock "0:00:13"]
[BlackClock "0:01:24"]

1. Nf3 Nf6 2. c4 c6 3. b3 d5 4. Bb2 Bf5 5. g3 e6 6. Bg2 Nbd7 7. O-O Be7 8. h3 O-O 9. d3 h6 10. a3 Bh7 11. b4 a5 12. b5 cxb5 13. cxb5 a4 14. Nc3 Qa5 15. Rb1 Nc5 16. Ba1 Rfc8 17. b6 Nb3 18. Na2 Ra6 19. Nd4 Rxb6 20. Nc2 Rbc6 21. Ncb4 R6c7 22. Be5 Rc5 23. Rxb3 axb3 24. Qxb3 Nd7 25. Bd4 R5c7 26. Rb1 Nc5 27. Qb2 Bf8 28. f4 b5 29. g4 Na6 30. Kf2 Nxb4 31. Nxb4 Ra8 32. Nc2 Qa4 33. Bc3 Rac8 34. Bb4 Rxc2 35. Qd4 Bxb4 36. axb4 Rxe2+ 37. Kxe2 Qc2+ 38. Ke3 Qxb1 39. Bf3 Qe1+ 40. Be2 Qg1+ 41. Kf3 Qxd4 0-1


[Site "https://www.chess.com"]

[Event "Titled Tuesday Blitz May 23 Late 2023"]
[White "Matinian, Nikita"]
[Black "Bogaudinov, Rushan"]
[WhiteFideId "24129100"]
[BlackFideId "4129288"]
[WhiteElo "2422"]
[BlackElo "1941"]
[Result "1-0"]
[Round "04"]
[TimeControl "180+2"]
[Date "2023.05.23"]
[WhiteClock "0:00:09"]
[BlackClock "0:00:23"]

1. e4 c5 2. Nf3 e6 3. d4 cxd4 4. Nxd4 Nc6 5. Nc3 Bb4 6. a3 Bxc3+ 7. bxc3 Nf6 8. Bd3 O-O 9. Nxc6 dxc6 10. e5 Nd7 11. Bf4 Qa5 12. O-O Nxe5 13. Qh5 f5 14. Rfe1 Ng6 15. Bd6 Rd8 16. Bb4 Qc7 17. Qg5 Bd7 18. g3 c5 19. h4 cxb4 20. h5 Ne5 21. Qf4 Qxc3 22. Qxe5 Qxe5 23. Rxe5 bxa3 24. Rxa3 Kf7 25. f4 a6 26. Kf2 Rac8 27. g4 fxg4 28. Bxh7 Kf6 29. Rg5 Be8 30. Rg3 Rd3 31. Bxd3 Bf7 32. R3xg4 Rh8 33. Bg6 Bg8 34. f5 e5 35. Be8 Rh7 36. Rg6+ Kxf5 37. Bd7+ 1-0


[Site "https://www.chess.com"]

[Event "Titled Tuesday Blitz May 23 Late 2023"]
[White "Gasparyan, David"]
[Black "Alex_Sahakyan2006"]
[WhiteFideId "13311980"]
[WhiteElo "2396"]
[BlackElo "2672"]
[Result "0-1"]
[Round "04"]
[TimeControl "180+2"]
[Date "2023.05.23"]
[WhiteClock "0:00:02"]
[BlackClock "0:00:11"]

1. e4 g6 2. d4 Bg7 3. Nc3 a6 4. a4 d6 5. Bc4 Nf6 6. h3 O-O 7. Qe2 Nc6 8. Nf3 e5 9. dxe5 dxe5 10. O-O Nd4 11. Nxd4 exd4 12. Nd5 Ne8 13. a5 Nd6 14. Bd3 Re8 15. Qf3 Be6 16. Bf4 Bxd5 17. exd5 Be5 18. Rae1 f6 19. Qg3 Nf7 20. Bc4 Qd6 21. Bxe5 Nxe5 22. Bb3 Kg7 23. f4 Nf7 24. Re6 Rxe6 25. dxe6 Nh6 26. Qf3 c6 27. g4 Re8 28. Qe4 Re7 29. Rd1 c5 30. c3 f5 31. Qf3 Qd8 32. g5 Ng8 33. cxd4 cxd4 34. Qe2 Qxa5 35. Rxd4 Qc5 36. Qe3 Rc7 37. Kg2 Ne7 38. Qd3 Qc6+ 39. Kh2 h6 40. Rd7 Qc5 41. Rxc7 Qxc7 42. Qd4+ Kh7 43. gxh6 Ng8 44. e7 Qxe7 45. Be6 Nxh6 46. Bd5 Qg7 47. Qb4 b5 48. Bg2 Qf6 49. Qc5 Nf7 50. Qd5 Kg7 51. Qd3 Qxb2 52. Kg3 Qf6 53. Qe3 Qd6 54. h4 b4 55. Kh2 a5 56. Qa7 Qxf4+ 57. Kh1 Qxh4+ 58. Kg1 Qe1+ 59. Kh2 Qe5+ 60. Kg1 g5 61. Qb7 Qd4+ 62. Kh1 Qh4+ 63. Kg1 Qe1+ 64. Kh2 Qe5+ 65. Kg1 Kg6 66. Qb6+ Nd6 67. Qd8 Qd4+ 68. Kh2 Qh4+ 69. Kg1 Qe1+ 70. Kh2 Qe5+ 71. Kg1 g4 72. Qg8+ Kf6 73. Qh8+ Ke6 74. Qg8+ Kd7 75. Qh7+ Qe7 76. Bc6+ Kd8 77. Qg8+ Kc7 78. Qd5 Qe1+ 79. Kg2 Qe4+ 80. Qxe4 fxe4 81. Kg3 Kxc6 0-1


[Site "https://www.chess.com"]

[Event "Titled Tuesday Blitz May 23 Late 2023"]
[White "Maltsevskaya, Aleksandra"]
[Black "Vadim_Galchenko"]
[WhiteFideId "24174041"]
[WhiteElo "2302"]
[BlackElo "2395"]
[Result "1-0"]
[Round "04"]
[TimeControl "180+2"]
[Date "2023.05.23"]
[WhiteClock "0:00:17"]
[BlackClock "0:00:08"]

1. Nf3 f5 2. g3 Nf6 3. Bg2 g6 4. d3 Bg7 5. O-O O-O 6. Nbd2 d6 7. e4 fxe4 8. dxe4 e5 9. c4 b6 10. b4 a5 11. bxa5 Rxa5 12. Nb3 Ra8 13. Bg5 Be6 14. Qd3 Nbd7 15. Be3 Qe7 16. Ng5 Ra4 17. Rac1 Rfa8 18. f4 Kh8 19. f5 Bg8 20. fxg6 hxg6 21. Qe2 Rxa2 22. Qf3 R8a3 23. Rb1 Rc2 24. g4 Bxc4 25. Rfc1 Bxb3 26. Rxb3 Rxb3 27. Rxc2 Nc5 28. Bf1 Bh6 29. Qh3 Kg7 30. Ne6+ Nxe6 31. Qxh6+ Kf7 32. Rf2 Rxe3 33. Qxe3 Nf4 34. g5 Ng4 35. Rxf4+ exf4 36. Qxf4+ Kg7 37. Qxg4 Qe5 38. h4 Qd4+ 39. Kg2 Qd2+ 40. Be2 Qc3 41. Qd7+ Kf8 42. Qd8+ Kg7 43. Qe7+ Kg8 44. Qe6+ Kg7 45. Bc4 Qd2+ 46. Kf3 Qc3+ 47. Kg4 1-0


[Site "https://www.chess.com"]

[Event "Titled Tuesday Blitz May 23 Late 2023"]
[White "Kleiman, Jake"]
[Black "zsizsi99"]
[WhiteFideId "2020041"]
[WhiteElo "2614"]
[BlackElo "2395"]
[Result "1/2-1/2"]
[Round "04"]
[TimeControl "180+2"]
[Date "2023.05.23"]
[WhiteClock "0:00:10"]
[BlackClock "0:00:03"]

1. e4 c5 2. c3 Nf6 3. e5 Nd5 4. Bc4 Nb6 5. Bb3 c4 6. Bc2 Nc6 7. Nf3 d6 8. exd6 Qxd6 9. O-O Bg4 10. Qe2 e5 11. Na3 Qd5 12. Be4 Qc5 13. b3 Bxf3 14. Bxf3 cxb3 15. axb3 Be7 16. Nc4 Nxc4 17. bxc4 Qd6 18. Ba3 Qc7 19. Bxc6+ bxc6 20. Bxe7 Qxe7 21. Ra5 f6 22. d4 exd4 23. Qh5+ g6 24. Qf3 O-O 25. cxd4 Rfc8 26. Rfa1 Qb4 27. Qxf6 Qxc4 28. h4 Rc7 29. Rc5 Qf7 30. Rxc6 Qxf6 31. Rxf6 a5 32. Rf3 a4 33. g3 Rca7 34. Raa3 Rd8 35. Rf4 Rb8 36. Rff3 Rb4 37. Rfd3 Kf7 38. Kg2 Ke6 39. Kf3 Kd5 40. Ke3 Re7+ 41. Kf4 Re4+ 42. Kg5 Rexd4 43. Rxd4+ Rxd4 44. Kh6 Kc5 45. Kxh7 Kb4 46. Ra1 Rd6 47. Kh6 a3 48. f4 Kb3 49. g4 Kb2 50. Rh1 Rc6 51. Rh2+ Rc2 52. Rh1 a2 53. f5 gxf5 54. gxf5 Rc1 55. Rh2+ Rc2 56. Rh1 Rc1 57. Rh2+ Rc2 58. Rh1 1/2-1/2


[Site "https://www.chess.com"]

[Event "Titled Tuesday Blitz May 23 Late 2023"]
[White "Colas, Joshua"]
[Black "FromTexas54"]
[WhiteFideId "2044447"]
[WhiteElo "2347"]
[BlackElo "2372"]
[Result "1-0"]
[Round "04"]
[TimeControl "180+2"]
[Date "2023.05.23"]
[WhiteClock "0:00:21"]
[BlackClock "0:00:00"]

1. c4 Nf6 2. Nf3 g6 3. b3 Bg7 4. Bb2 d6 5. g3 O-O 6. d4 Nbd7 7. Bg2 c6 8. O-O a5 9. Nc3 Nb6 10. a4 d5 11. c5 Nbd7 12. e3 Qc7 13. Ne2 Ne4 14. Nf4 e5 15. Nd3 f6 16. Qc2 Kh8 17. Rac1 Re8 18. Qb1 Qd8 19. Qa1 Qe7 20. Bh3 exd4 21. Bxd4 f5 22. Bg2 Ndf6 23. Nfe5 Be6 24. f3 Nd2 25. Qc3 Nxf1 26. Rxf1 Bg8 27. h4 Nd7 28. Nxd7 Qxd7 29. Ne5 Qc7 30. f4 Re6 31. h5 Rae8 32. hxg6 hxg6 33. Kf2 Bxe5 34. Rh1+ Kg7 35. Bxe5+ Rxe5 36. fxe5 Qxe5 37. Qxe5+ Rxe5 38. b4 axb4 39. Rb1 b3 40. Rxb3 Re7 41. Rb4 Kf6 42. a5 Ke5 43. Bf1 Be6 44. Rb6 1-0


[Site "https://www.chess.com"]

[Event "Titled Tuesday Blitz May 23 Late 2023"]
[White "Kiremitciyan, Ari"]
[Black "Kohler, Aran"]
[WhiteFideId "6373445"]
[BlackFideId "1002856"]
[WhiteElo "2181"]
[BlackElo "2370"]
[Result "1-0"]
[Round "04"]
[TimeControl "180+2"]
[Date "2023.05.23"]
[WhiteClock "0:01:02"]
[BlackClock "0:00:00"]

1. e4 c6 2. d4 d5 3. exd5 cxd5 4. Bd3 a6 5. Nf3 Bg4 6. O-O Nc6 7. c3 Nf6 8. Re1 e6 9. Nbd2 Bd6 10. Nf1 O-O 11. Bg5 h6 12. Bh4 e5 13. dxe5 Nxe5 14. Be2 Nxf3+ 15. Bxf3 Be6 16. Ne3 Be7 17. Bxf6 Bxf6 18. Nxd5 Bxd5 19. Bxd5 Qb6 20. Qb3 Qxb3 21. axb3 Rab8 22. Re2 Rfd8 23. c4 Kf8 24. g3 Bd4 25. Rd1 Bc5 26. Kg2 b5 27. Rd3 bxc4 28. bxc4 a5 29. b3 Rd7 30. Rf3 f6 31. h4 Bb4 32. h5 Re7 33. Rxe7 Kxe7 34. Re3+ Kf8 35. Re6 Re8 36. Ra6 Re7 37. Kf3 Rd7 38. Ra8+ Ke7 39. Rg8 Kd6 40. Kg4 Re7 41. f4 Be1 42. Kf3 Bd2 43. Rd8+ Kc5 44. Rb8 Bb4 45. Kg4 Kd4 46. Kf5 Ke3 47. Rc8 Kf2 48. g4 Kg3 49. c5 1-0


[Site "https://www.chess.com"]

[Event "Titled Tuesday Blitz May 23 Late 2023"]
[White "Sourath Biswas"]
[Black "Mickiewicz, Piotr"]
[WhiteFideId "35091484"]
[BlackFideId "1114891"]
[WhiteElo "2171"]
[BlackElo "2246"]
[Result "1-0"]
[Round "04"]
[TimeControl "180+2"]
[Date "2023.05.23"]
[WhiteClock "0:00:14"]
[BlackClock "0:00:08"]

1. d4 Nf6 2. Nf3 e6 3. Bf4 b6 4. e3 Bb7 5. Be2 Be7 6. h3 Kf8 7. O-O h6 8. Bh2 g6 9. a4 a6 10. Nbd2 Kg7 11. a5 d6 12. axb6 cxb6 13. c3 Nbd7 14. Qb3 Qc7 15. Bd3 b5 16. e4 Nb6 17. e5 Nfd5 18. Ne4 Nc8 19. exd6 Nxd6 20. Nc5 Qc6 21. Ne5 Qc7 22. Bxg6 Qc8 23. Qc2 f5 24. Bh5 Bg5 25. Ng6 Re8 26. Bxd6 Nf6 27. Be5 Kh7 28. Bxf6 Bxf6 29. Ne5 Rg8 30. Bg6+ Rxg6 31. Nxg6 Kxg6 32. Qe2 Bd5 33. Rae1 Kf7 34. Qh5+ Kg7 35. Re3 Qe8 36. Rg3+ Kh7 37. Qxe8 Rxe8 38. Re1 h5 39. Rge3 f4 40. R3e2 f3 41. gxf3 Rg8+ 42. Kf1 Bxf3 43. Rxe6 Bh4 44. R6e5 Bg2+ 45. Ke2 Kg6 46. Rg1 Kf6 47. Ne4+ Kf7 48. Ng5+ Bxg5 49. Rxg2 Kf6 50. f4 Bxf4 51. Rxg8 Bxe5 52. dxe5+ Kf7 53. Ra8 1-0


[Site "https://www.chess.com"]